 Dungeon Crawl Stone Soup version 0.25.1-2-g60ff931df9 (webtiles) character file.

Game seed: 17278056097828904092

3720 SyRaX the Cleaver (level 9, -11/82 HPs)
             Began as a Minotaur Berserker on Nov 15, 2020.
             Was a High Priest of Trog.
             Killed by divine providence
             ... invoked by an orc priest
              (12 damage)
             ... on level 8 of the Dungeon.
             The game lasted 00:17:14 (7538 turns).

SyRaX the Cleaver (Minotaur Berserker)              Turns: 7538, Time: 00:17:15

Health: -11/82     AC: 11    Str: 24    XL:     9   Next: 92%
Magic:  8/8        EV: 14    Int:  4    God:    Trog [*****.]
Gold:   233        SH:  0    Dex: 11    Spells: 8/8 levels left

rFire    . . .     SeeInvis .   l - +0 battleaxe (freeze)
rCold    . . .     Gourm    .   (shield currently unavailable)
rNeg     . . .     Faith    +   K - +2 swamp dragon scales
rPois    +         Spirit   .   (helmet restricted)
rElec    .         Reflect  .   (no cloak)
rCorr    .         Harm     .   (no gloves)
MR       .....                  (no boots)
Stlth    +.........             m - amulet of faith
HPRegen  0.23/turn              (no ring)
MPRegen  0.11/turn              (no ring)

@: berserk cooldown, slowed, very slow
A: retaliatory headbutt, horns 2
a: Berserk, Trog's Hand, Brothers in Arms, Renounce Religion


You were on level 8 of the Dungeon.
You worshipped Trog.
Trog was extremely pleased with you.
You were near starving.

You visited 2 branches of the dungeon, and saw 9 of its levels.
You also visited: Sewer.

You collected 233 gold pieces.

Inventory:

Hand Weapons
 l - a +0 battleaxe of freezing (weapon)
 B - a +3 vorpal glaive
 E - a +3 vorpal hand axe
Missiles
 s - 59 poisoned darts (quivered)
Armour
 K - +2 swamp dragon scales (worn)
Jewellery
 m - an amulet of faith (around neck)
 r - an uncursed amulet of magic regeneration
 A - an uncursed amulet of faith
 C - a cursed -4 ring of intelligence {unknown}
Wands
 t - a wand of acid (15)
 D - a wand of enslavement (10)
 F - a wand of paralysis (8)
 H - a wand of flame (49)
Scrolls
 a - a scroll of torment {unknown}
 e - a scroll of magic mapping
 g - a scroll of remove curse
 j - a scroll of teleportation
 n - 4 scrolls of blinking
 o - a scroll of enchant armour
 y - a scroll of fog
 G - 2 scrolls of fear
 J - a scroll of identify
Potions
 b - a potion of degeneration {unknown}
 d - a potion of resistance {unknown}
 h - a potion of brilliance {unknown}
 i - a potion of heal wounds
 k - 3 potions of curing
 p - 2 potions of flight
 u - a potion of might {unknown}
 w - a potion of mutation {unknown}
 x - a potion of cancellation {unknown}
 z - 2 potions of haste {unknown}
Comestibles
 c - 11 rations


   Skills:
 + Level 8.8 Fighting
 * Level 9.4 Axes
 + Level 8.2 Armour
 + Level 6.0 Dodging
   Level 7.1 Shields


You had 8 spell levels left.
You didn't know any spells.
Your spell library contained the following spells:

 Spells                   Type           Power        Failure   Level  Hunger
 Animate Skeleton         Necr           N/A          63%         1    ##.....
 Apportation              Tloc           #.....       63%         1    ##.....
 Corona                   Hex            #......      63%         1    ##.....
 Summon Small Mammal      Summ           #...         63%         1    ##.....


Dungeon Overview and Level Annotations

Branches:
Dungeon (8/15)             Temple (1/1) D:4           Sewer (visited)
   Lair: D:8-11

Altars:
Ashenzari
Dithmenos
Elyvilon
Makhleb
Trog
Vehumet
Xom
Yredelemnul

Shops:
D:7 :


Innate Abilities, Weirdness & Mutations

You reflexively headbutt those who attack you in melee.
You have a pair of horns on your head.


Message History

You headbutt the centaur!
The orc wizard gestures wildly while chanting.
The orc wizard seems to speed up.
The centaur hits you but does no damage.
You hit the centaur. You freeze the centaur.
The centaur is severely wounded.
The centaur hits you but does no damage.
The orc priest invokes the aid of Beogh against you.
Beogh smites you!
* * * LOW HITPOINT WARNING * * *
The centaur closely misses you.
You slash the centaur! You freeze the centaur.
You kill the centaur!
Trog accepts your kill.
You barely miss the orc warrior.
The orc warrior hits you with a +0 battleaxe!
* * * LOW HITPOINT WARNING * * *
The orc priest mumbles some strange prayers to Beogh against you.
Beogh smites you!
You die...

......... ..#.#
....... ...<###
...#.##......# .
#.#.#<......#
#..##...)†......#
#......#......##
#.#.#..#...##..#
### # #.).>.......
##...####@.........
........o[(.#...#.
.......[..###..##
......o........#
#....o......%..
#...............
#...##..........
...# #..........
..# ...........


You could see an orc warrior, an orc priest and an orc wizard (fast).

Vanquished Creatures
  A two-headed ogre (D:8)
  Maggie (D:6)
  2 orc warriors (D:7)
  2 ice beasts
  3 sky beasts
  A necrophage (D:6)
  A phantom (D:7)
  An ogre (D:6)
  2 centaurs
  The ghost of TangoThomas the Cutter, an amateur HaAK of Lugonu (D:3)
  3 bullfrogs
  A gnoll sergeant (D:6)
  2 scorpions
  3 killer bees (D:8)
  3 wights (D:7)
  A howler monkey (D:6)
  5 crimson imps
  A bullfrog zombie (D:5)
  2 jellies
  5 orc wizards (D:7)
  A hound (D:7)
  3 orc priests (D:7)
  2 iguanas
  3 worker ants
  A killer bee zombie (D:6)
  A hound skeleton (D:6)
  A worker ant zombie (D:8)
  9 gnolls
  7 adders
  An ooze (D:2)
  6 worms
  A dart slug (D:2)
  7 leopard geckos
  27 orcs
  6 giant cockroaches
  7 goblins
  5 hobgoblins
  3 jackals (D:3)
  11 kobolds
  4 quokkas
  4 ball pythons
  A ball python skeleton (D:6)
  6 bats
  8 frilled lizards
  A leopard gecko skeleton (D:7)
  A leopard gecko zombie (D:7)
  A quokka skeleton (D:6)
  6 rats
175 creatures vanquished.

Notes
Turn   | Place    | Note
-------+----------+-------------------------------------------
     0 | D:1      | SyRaX the Minotaur Berserker began the quest for the Orb.
     0 | D:1      | Reached XP level 1. HP: 19/19 MP: 0/0
    79 | D:1      | Reached XP level 2. HP: 25/27 MP: 1/1
   314 | D:1      | Reached ** piety under Trog
   555 | D:2      | Reached skill level 4 in Axes
   565 | D:2      | Reached XP level 3. HP: 33/33 MP: 2/2
   764 | D:2      | Noticed an ice beast
   767 | D:2      | Reached skill level 1 in Shields
   775 | D:2      | Killed an ice beast
   775 | D:2      | Reached XP level 4. HP: 41/41 MP: 3/3
  1178 | D:3      | Reached XP level 5. HP: 42/47 MP: 4/4
  1395 | D:3      | Found a runed translucent gate.
  1396 | D:3      | Found a runed translucent gate.
  1397 | D:3      | Found a runed translucent gate.
  1404 | D:3      | Noticed TangoThomas's ghost (amateur HaAK)
  1409 | D:3      | Killed TangoThomas's ghost
  1913 | D:3      | Reached *** piety under Trog
  2060 | D:2      | You fall into a shaft and drop 1 floor!
  2154 | D:4      | Found a staircase to the Ecumenical Temple.
  2179 | Temple   | Entered the Ecumenical Temple
  2212 | D:4      | Found a glowing drain.
  2236 | D:4      | Reached XP level 6. HP: 25/55 MP: 5/5
  2334 | Sewer    | Entered a sewer
  2558 | Sewer    | Reached skill level 5 in Fighting
  2558 | Sewer    | Reached skill level 5 in Axes
  3770 | D:4      | Reached XP level 7. HP: 31/61 MP: 6/6
  4118 | D:5      | Entered Level 5 of the Dungeon
  4589 | D:5      | Reached skill level 5 in Armour
  4662 | D:5      | Reached skill level 6 in Axes
  4752 | D:5      | Reached **** piety under Trog
  4765 | D:5      | Found a burning altar of Makhleb.
  4995 | D:6      | Reached skill level 5 in Shields
  4995 | D:6      | Reached XP level 8. HP: 60/70 MP: 7/7
  5771 | D:6      | Found a shattered altar of Ashenzari.
  5775 | D:6      | Found a bloodstained altar of Trog.
  5784 | D:6      | Reached skill level 7 in Axes
  5859 | D:6      | Found a white marble altar of Elyvilon.
  6049 | D:6      | Noticed Maggie
  6065 | D:6      | Killed Maggie
  6569 | D:7      | Reached XP level 9. HP: 75/78 MP: 8/8
  6615 | D:7      | Reached ***** piety under Trog
  6621 | D:7      | Reached skill level 5 in Dodging
  6713 | D:7      | Reached skill level 8 in Axes
  7027 | D:7      | Received a gift from Trog
  7073 | D:7      | Found Zacir's Book Shop.
  7098 | D:7      | Found a basalt altar of Yredelemnul.
  7098 | D:7      | Found a shadowy altar of Dithmenos.
  7517 | D:8      | Noticed a two-headed ogre
  7524 | D:8      | Killed a two-headed ogre
  7524 | D:8      | Reached skill level 9 in Axes
  7535 | D:8      | HP: 4/81 [centaur (2)]
  7538 | D:8      | HP: 1/82 [orc warrior/+0 battleaxe (7)]
  7538 | D:8      | Killed from afar by an orc priest

Illustrated notes

Levels and vault maps discovered:
D:1:      eino_arrival_tree_alley, layout_rooms
D:2:      layout_basic
D:3:      layout_loops_ring, ebering_ghost_rock_garden
D:4:      layout_gridville, temple_pool_b, cheibrodos_sewer_entry_bend,
          grunt_ministairs_5
D:5:      layout_basic, lemuel_coloured_pillars_altar, first_ration
D:6:      layout_loops_corners, minmay_overflow_temple_star_quad,
          grunt_ministairs_9, uniq_maggie
D:7:      layout_rooms, chequers_temple_overflow_statue_of_worship,
          serial_shops, shop
D:8:      layout_cave_pools, lair_entry_dummy
Temple:   eino_temple_scatter_basement

Skill      XL: |  1  2  3  4  5  6  7  8  9 |
---------------+----------------------------+-----
Fighting       | 4 5 6 7 8 |  8.8
Axes           | 4 5 6 7 9 |  9.4
Armour         | 3 4 5 6 8 |  8.2
Shields        | 2 3 5 6 7 |  7.1
Dodging        | 3 4 6 |  6.0

Action                   |  1- 3 |  4- 6 |  7- 9 || total
-------------------------+-------+-------+-------++-------
Melee: Hand axe          |    73 |    27 |       ||   100
       Headbutt          |    13 |    26 |    47 ||    86
       War axe           |       |   142 |   110 ||   252
       Broad axe         |       |       |    85 ||    85
       Battleaxe         |       |       |    23 ||    23
Invok: Berserk           |     1 |     2 |     4 ||     7
  Use: Scroll            |       |       |    14 ||    14
       Potion            |       |       |     1 ||     1
  Eat: Chunk             |       |     9 |     7 ||    16
       Ration            |       |     1 |     2 ||     3
Armor: Animal skin       |     3 |       |       ||     3
       Plate armour      |    26 |   115 |    62 ||   203
       Ring mail         |     1 |       |       ||     1
       Swamp dragon scal |       |       |    58 ||    58
Dodge: Dodged            |    43 |    63 |   138 ||   244
Block: Buckler           |     3 |    36 |    51 ||    90
